 Seeded DCSS version 0.30-a0-377-g5cb311bc9f (webtiles) character file.

Game seed: 12882034922843276435 (custom seed)

4 purpskrrrp the Charlatan (level 1, 18/18 HPs)
             Began as a Troll Artificer on Nov 28, 2022.
             Got out of the dungeon alive.
             The game lasted 00:00:32 (119 turns).

purpskrrrp the Charlatan (Troll Artificer)           Turns: 119, Time: 00:00:33

Health: 18/18      AC:  4    Str: 19    XL:     1   Next: 58%
Magic:  0/0        EV: 10    Int:  7    God:
Gold:   24         SH:  0    Dex: 10    Spells: 0/0 levels left

rFire   . . .      SeeInvis .    a - +0 club
rCold   . . .      Faith    .    (no shield)
rNeg    . . .      Spirit   .    b - +0 robe
rPois   .          Reflect  .    (helmet restricted)
rElec   .          Harm     .    (no cloak)
rCorr   .          Rampage  .    (gloves unavailable)
Will    .....                    (boots unavailable)
Stlth   +.........               (no amulet)
HPRegen 1.03/turn                (no ring)
MPRegen 0.07/turn                (no ring)

@: no status effects
A: large, unfitting armour, claws 3, regeneration 1, shaggy fur 1, tough skin 1
a: no special abilities


You escaped.
You visited 1 branch of the dungeon, and saw 1 of its levels.

You collected 24 gold pieces.

Inventory:

Hand Weapons
 a - a +0 club (weapon)
Armour
 b - a +0 robe (worn)
Wands
 c - a wand of flame (9) (quivered)
 d - a wand of charming (15)
 e - a wand of iceblast (5)
Scrolls
 f - a scroll of noise {unknown}


   Skills:
 + Level 0.9 Fighting
 + Level 2.0 Dodging
 + Level 0.5 Stealth
 + Level 2.2 Evocations


You couldn't memorise any spells.
You didn't know any spells.
Your spell library was empty.

Dungeon Overview and Level Annotations

Branches:
Dungeon (1/15)

Altars:


Innate Abilities, Weirdness & Mutations

You are too large for most types of armour.
You have claws for hands.
Your natural rate of healing is unusually fast.
You are covered in fur. (AC +1)
You have tough skin. (AC +1)


Message History

No target in view!
No target in view!
No target in view!
No target in view!
No target in view!
No target in view!
f - a scroll labelled EREONO RASUPENT A rat comes into view.
A rat is nearby!
A rat is nearby!
A rat is nearby!
The puff of flame hits the rat.
You kill the rat!
No target in view!
No target in view!
No target in view!
No target in view!
You now have 15 gold pieces.
There is a shaft here.
You now have 24 gold pieces (gained 9).
A rat comes into view.
Things that are here:
a scroll labelled IHUFUZ JOIBEV; 8 gold pieces A rat is nearby!
A rat is nearby!
A rat is nearby!
The puff of flame hits the rat.
You kill the rat!
No target in view!
No target in view!
No target in view!
You aren't carrying any pieces of jewellery.
This is a scroll of acquirement!
Unknown command.
Unknown command.
There is a staircase leading out of the dungeon here.
Are you sure you want to leave the Dungeon?
This will make you lose the game!
Alright, then stay!
Are you sure you want to leave the Dungeon?
This will make you lose the game!
You have escaped!

..). ... #########.#
..........##############
........................
................#######
# #P.....P#~#P..#
##~##P...P##~##P.#
~~~~~.[@..~~~~~..#
##~##P...P##~##P.##
P#~#P.....P#~#P...#
..................#
######..#########)#
#............#
#.######.##### #.### #.#
#...# #.#


There were no monsters in sight!

Vanquished Creatures
  A kobold (D:1)
  A quokka (D:1)
  3 rats (D:1)
5 creatures vanquished.

Notes
Turn   | Place    | Note
-------+----------+-------------------------------------------
     0 | D:1      | purpskrrrp the Troll Artificer began the quest for the Orb.
     0 | D:1      | Reached XP level 1. HP: 18/18 MP: 0/0
    83 | D:1      | Identified a scroll of acquirement
   119 | D:$      | Got out of the dungeon alive.

Illustrated notes

Levels and vault maps discovered:
D:1:      eino_arrival_water_cross, layout_basic

Skill      XL: |  1 |
---------------+----+-----
Dodging        | 2 |  2.0
Fighting       | |  0.9
Stealth        | |  0.5
Evocations     | |  2.2

Action                   || total
-------------------------++-------
Evoke: Wand              ||     6

Table legend: (Time is in decaauts)
 A = Elapsed time spent in this place.
 B = Non-inter-level travel time spent in this place.
 C = Inter-level travel time spent in this place.
 D = Time resting spent in this place.
 E = Time spent auto-exploring this place.
 F = Levels seen in this place.
 G = Mean time per level.
                   A        B        C        D        E       F      G
               +--------+--------+--------+--------+--------+-----+--------+
         Total |    119 |     84 |     35 |      0 |     68 |   1 |  119.0 |
       Dungeon |    119 |     84 |     35 |      0 |     68 |   1 |  119.0 |
               +--------+--------+--------+--------+--------+-----+--------+

Top non-repeatable levels by time:
     D:1: 119 daAuts
